 Dungeon Crawl Stone Soup version 0.30-a0-1103-g25895a7845 (webtiles) character file.

Game seed: 871515988225097224

802 tilp the Digger (level 8, -9/94 HPs)
             Began as a Meteoran Earth Elementalist on Apr 18, 2023.
             Was an Initiate of Vehumet.
             Mangled by an iguana (13 damage)
             ... on level 5 of the Dungeon.
             The game lasted 00:07:40 (1309 turns).

tilp the Digger (Meteoran Earth Elementalist)       Turns: 1309, Time: 00:07:40

Health: -9/94      AC:  2    Str:  8 (10) XL:     8   Next: 36%
Magic:  3/16       EV: 13    Int: 16 (18) God:    Vehumet [......]
Gold:   238        SH:  5    Dex: 12 (15) Spells: 13/17 levels left

rFire   . . .      SeeInvis .    a - +1 mace (heavy)
rCold   . . .      Faith    .    (no shield)
rNeg    . . .      Spirit   .    d - +0 robe
rPois   .          Reflect  +    g - +0 hat {Will+}
rElec   .          Rampage  .    (no cloak)
rCorr   .                        (no gloves)
Will    ++...                    (no boots) Stlth
                                 c - amulet of reflection
HPRegen 0.35/turn                (no ring)
MPRegen 0.15/turn                (no ring)

@: mighty, brilliant, berserking, very slightly contaminated, glowing, very
quick
A: sense surroundings 1, otherworldly, glowing, explore regen
a: Renounce Religion


You were on level 5 of the Dungeon.
You worshipped Vehumet.
Vehumet was noncommittal.
You visited 2 branches of the dungeon, and saw 6 of its levels.

You collected 238 gold pieces.

Inventory:

Hand Weapons
 a - a +1 heavy mace (weapon)
 b - a +0 whip of protection
 p - a +0 dagger
Missiles
 k - 10 stones
 y - 5 poisoned darts
Armour
 d - a +0 robe (worn)
 g - a +0 hat of willpower (worn)
 v - a +1 hat
Magical Staves
 z - a staff of death
Jewellery
 c - an amulet of reflection (around neck)
Wands
 w - a wand of iceblast (9)
Scrolls
 e - a scroll of brand weapon
 f - a scroll of poison
Potions
 s - 2 potions of flight
 u - a potion of magic


   Skills:
 + Level 3.5 Fighting
 + Level 3.5 Maces & Flails
 + Level 4.9 Dodging
 - Level 1.4 Stealth
 - Level 5.0 Spellcasting
 - Level 1.2 Transmutations
 * Level 7.1 Earth Magic


You had 13 spell levels left.
You knew the following spells:

 Your Spells              Type           Power      Damage    Failure   Level
a - Sandblast             Erth           80%        2d17      1%          1
b - Stone Arrow           Conj/Erth      46%        3d9       11%         3

Your spell library contained the following spells:

 Spells                   Type           Power      Damage    Failure   Level
 Passwall                 Tmut/Erth      21%        N/A       4%          2
 Petrify                  Tmut/Erth      26%        N/A       26%         4
 Vhi's Electric Charge    Tloc/Air       12%        N/A       41%         3
 Arcjolt                  Conj/Air       3%         1d13      99%         5
 Maxwell's Capacitive Co  Air            3%         ∞         100%        8


Dungeon Overview and Level Annotations

Branches:
Dungeon (5/15) Zot: 1697   Temple (1/1) D:5 Zot: 518

Altars:
Elyvilon
Gozag
Hepliaklqana
Kikubaaqudgha
Makhleb
Nemelex Xobeh
Okawaru
Qazlal
Ru
Uskayaw
Vehumet
Xom
The Shining One


Innate Abilities, Weirdness & Mutations

You passively map a small area around you.
You are easily found by Zot.
You glow in the dark.
You regain HP and MP as you explore.


Message History

The scorpion is severely wounded.
You block the scorpion's attack. The scorpion closely misses you.
The scorpion barely misses you. You block the scorpion's attack.
Casting: Sandblast (safe; 1% risk of failure)
Confirm with . or Enter, or press ? or * to list all spells.
Aiming: Sandblast (safe; 1% risk of failure)
Press: ? - help, Shift-Dir - straight line, f/p - scorpion
Aim: a scorpion (severely wounded, 84% to hit)
You feel a surge of power!
The blast of sand hits the scorpion!
You kill the scorpion!
Vehumet accepts your kill. The scorpion barely misses you.
You block the iguana's attack. The scorpion stings you.
* * * LOW HITPOINT WARNING * * *
Training target 5.0 for Spellcasting reached!
Your Spellcasting skill increases to level 5!
Your Earth Magic skill increases to level 7!
Casting: Sandblast (safe; 1% risk of failure)
Confirm with . or Enter, or press ? or * to list all spells.
Aiming: Sandblast (safe; 1% risk of failure)
Press: ? - help, Shift-Dir - straight line, f - iguana
Aim: an iguana (87% to hit)
You feel a surge of power!
The blast of sand hits the iguana!
The iguana is severely wounded.
The scorpion misses you.
The iguana bites you but does no damage.
The scorpion closely misses you.
Okay, then.
Okay, then.
A red film seems to cover your vision as you go berserk!
You feel yourself moving faster!
You feel mighty! You block the iguana's attack.
The scorpion stings you but does no damage.
Unknown command.
You closely miss the iguana.
The iguana is severely wounded.
The iguana bites you but does no damage.
The scorpion stings you but does no damage.
The iguana bites you!
You die...

, ,...........# ...... ,
...........##...... *
.................#
......?..............##. *
..........#.......#...#..
.........#..ll.....#..h...
............#slo###........ ,
...#........###l## #.....##.
............###@s# #h...l...
###..........##..####.....s..
..#................#..##.....
...............#......#*..s..
*, ...........)...#......# ....
* ......)...............#,.....
...........>..#..............
..........#...#...........# ,
.###......#.......###.#...###.,


You could see 2 scorpions, 4 iguanas and an orc.

Vanquished Creatures
  A phantom (D:4)
  2 water moccasin zombies (D:4)
  3 scorpions (D:5)
  3 hounds (D:5)
  A bullfrog zombie (D:4)
  2 jellies (D:5)
  An orc priest (D:4)
  An iguana (D:5)
  An orc wizard (D:4)
  2 scorpion zombies (D:4)
  4 adders
  2 white imps
  An ufetubus (D:5)
  An adder skeleton (D:4)
  A worm (D:2)
  A dart slug (D:1)
  3 orcs
  3 ball pythons
  2 bats (D:2)
  An endoplasm (D:2)
  4 giant cockroaches
  4 hobgoblins
  4 jackals
  3 kobolds
  4 quokkas
  4 frilled lizards
  5 goblins
  3 rats
67 creatures vanquished.

Vanquished Creatures (others)
  A human (D:4)
  A plant (D:1)
  A withered plant (D:4)
3 creatures vanquished.

Grand Total: 70 creatures vanquished

Notes
Turn   | Place    | Note
-------+----------+-------------------------------------------
     0 | D:1      | tilp the Meteoran Earth Elementalist began the quest for
                  | the Orb.
     0 | D:1      | Reached XP level 1. HP: 14/14 MP: 5/5
    32 | D:2      | Reached skill level 4 in Earth Magic
    32 | D:2      | Reached XP level 2. HP: 10/22 MP: 4/6
    63 | D:2      | Reached XP level 3. HP: 27/27 MP: 2/8
    70 | D:2      | Learned a level 3 spell: Stone Arrow
   106 | D:2      | Reached skill level 1 in Fighting
   241 | D:2      | Reached XP level 4. HP: 35/35 MP: 7/9
   635 | D:3      | Reached XP level 5. HP: 40/40 MP: 11/11
   777 | D:4      | Noticed a phantom
   782 | D:4      | Killed a phantom
   783 | D:4      | Reached skill level 1 in Maces & Flails
   783 | D:4      | Reached skill level 5 in Earth Magic
   783 | D:4      | Reached XP level 6. HP: 46/48 MP: 7/12
   855 | D:4      | Reached XP level 7. HP: 54/56 MP: 6/14
   922 | D:4      | Reached skill level 6 in Earth Magic
   939 | D:4      | Found an ancient bone altar of Kikubaaqudgha.
   944 | D:4      | Noticed a human
   945 | D:4      | Killed a human
   965 | D:5      | Entered Level 5 of the Dungeon
  1071 | D:4      | Found a white marble altar of Elyvilon.
  1145 | D:5      | Found a staircase to the Ecumenical Temple.
  1163 | Temple   | Entered the Ecumenical Temple
  1163 | Temple   | Found a transporter.
  1163 | Temple   | Found a transporter.
  1165 | Temple   | Found a transporter.
  1165 | Temple   | Found a transporter.
  1195 | Temple   | Became a worshipper of Vehumet
  1263 | D:5      | Reached XP level 8. HP: 63/63 MP: 13/16
  1306 | D:5      | HP: 1/63 [scorpion (5)]
  1307 | D:5      | Reached skill level 5 in Spellcasting
  1307 | D:5      | Reached skill level 7 in Earth Magic
  1309 | D:5      | Mangled by an iguana

Illustrated notes

Levels and vault maps discovered:
D:1:      minmay_arrival_plants_in_alcoves, layout_rooms,
          chequers_serial_rivers_room_b
D:2:      layout_basic, kennysheep_generic_room_16
D:3:      layout_loops_ring, nicolae_overflow_crystal_walls
D:4:      layout_layer_cave, tgw_kikubaaqudgha, lemuel_tele_altar,
          serial_undead, serial_undead_a, serial_undead_f, serial_undead_f,
          serial_undead_a
D:5:      layout_cave_pools, lemuel_crystal_altar,
          minmay_temple_entry_mini_moons, minmay_fractal_squares_diagonal_5
Temple:   hellmonk_temple_divided_pantheon

Skill      XL: |  1  2  3  4  5  6  7  8 |
---------------+-------------------------+-----
Earth Magic    | 4 5 6 7 |  7.1
Spellcasting   | 3 4 5 |  5.0
Fighting       | 1 2 3 |  3.5
Dodging        | 3 4 |  4.9
Maces & Flails | 1 2 3 |  3.5
Stealth        | |  1.4
Transmutations | |  1.2

Action                     |  1- 3 |  4- 6 |  7- 9 || total
---------------------------+-------+-------+-------++-------
  Melee: Dagger            |     2 |       |       ||     2
         Mace              |       |     7 |     6 ||    13
         Punch             |       |       |     1 ||     1
   Cast: Sandblast         |    24 |    64 |    38 ||   126
         Stone Arrow       |       |     1 |     4 ||     5
    Use: Scroll            |       |       |    13 ||    13
         Potion            |       |       |     4 ||     4
 Armour: Robe              |     4 |    11 |    11 ||    26
  Dodge: Dodged            |     8 |    24 |    29 ||    61
  Block: Other             |     1 |    13 |    21 ||    35

Table legend: (Time is in decaauts)
 A = Elapsed time spent in this place.
 B = Non-inter-level travel time spent in this place.
 C = Inter-level travel time spent in this place.
 D = Time resting spent in this place.
 E = Time spent auto-exploring this place.
 F = Levels seen in this place.
 G = Mean time per level.
                   A        B        C        D        E       F      G
               +--------+--------+--------+--------+--------+-----+--------+
         Total |   1382 |   1225 |    157 |      3 |      0 |   6 |  230.3 |
       Dungeon |   1301 |   1172 |    129 |      0 |      0 |   5 |  260.2 |
        Temple |     81 |     53 |     28 |      3 |      0 |   1 |   81.0 |
               +--------+--------+--------+--------+--------+-----+--------+

Top non-repeatable levels by time:
     D:4: 432 daAuts
     D:2: 304 daAuts
     D:3: 234 daAuts
     D:1: 172 daAuts
     D:5: 157 daAuts
  Temple: 81 daAuts
